 Dungeon Sprint DCSS version 0.22-a0-396-g3f858e37d3 (webtiles) character file.

35984 Hephaistos the Naga Aeon (level 13, -1/127 HPs)
             Began as a Naga Gladiator on May 4, 2018.
             Was the Champion of Cheibriados.
             Killed from afar by Aizul (13 damage)
             ... with a poison arrow
             ... in the Dungeon (Sprint IX: "|||||||||||||||||||||||||||||").
             The game lasted 00:06:27 (3204 turns).

Hephaistos the Naga Aeon (Naga Gladiator)           Turns: 3204, Time: 00:06:27

Health: -1/127     AC: 20    Str: 36    XL:     13   Next: 87%
Magic:  29/29      EV: 20    Int: 24    God:    Cheibriados [******]
Gold:   1469       SH:  0    Dex: 28    Spells: 12/12 levels left

rFire    . . .     SeeInvis +   D - +3 quarterstaff (distort)
rCold    . . .     Gourm    .   (shield currently unavailable)
rNeg     + . .     Faith    .   G - +3 chain mail {rN+}
rPois    +         Spirit   .   p - +0 helmet
rElec    .         Reflect  .   o - +0 cloak
rCorr    .         Harm     .   E - +1 pair of gloves
MR       +....     NoTele   +   (no barding)
Stlth    ..........             (no amulet)
HPRegen  0.31/turn              r - +2 ring of evasion
MPRegen  0.21/turn              s - +2 ring of evasion

@: lethally poisoned (-1 -> -4), very slow
A: large, see invisible, deformed body, poison resistance, slowness 2, slow
metabolism 1, spit poison 1, constrict 1, AC +4
a: Spit Poison, Bend Time, Temporal Distortion, Slouch, Step From Time, Renounce
Religion


You were in the Dungeon.
You worshipped Cheibriados.
Cheibriados was exalted by your worship.
You were not hungry.

You visited 1 branch You collected 1909 gold pieces.
You spent 440 gold pieces at shops.

Inventory:

Hand Weapons
 a - a +0 quarterstaff
 z - the +12 quarterstaff of Ypliqovo {freeze, *Rage rC++ Stlth+}
   (You bought it in a shop in the Dungeon)

   It has been specially enchanted to freeze those struck by it, causing extra
   injury to most foes and up to half again as much damage against particularly
   susceptible opponents.
   It can also slow down cold-blooded creatures.
   It greatly protects you from cold.
   It may make you go berserk in combat.
   It makes you more stealthy.
 D - a +3 quarterstaff of distortion (weapon)
Missiles
 d - 4 throwing nets (quivered)
 I - 11 bolts
Armour
 o - a +0 cloak (worn)
 p - a +0 helmet (worn)
 q - a +1 chain mail
 y - a +0 pair of gloves
 A - a +2 shield of protection
 E - a +1 pair of gloves (worn)
 F - a +1 large shield
 G - a +3 chain mail of positive energy (worn)
Jewellery
 r - a +2 ring of evasion (left hand)
 s - a +2 ring of evasion (right hand)
 x - an uncursed ring of ice
 B - an uncursed ring of protection from magic
 C - an uncursed ring of protection from fire
Wands
 n - a wand of acid (2)
Scrolls
 k - 3 scrolls of blinking
 l - 4 scrolls of remove curse
 m - 2 scrolls of amnesia
 t - 3 scrolls of identify
 u - 2 scrolls of enchant weapon
 v - 2 scrolls of fog
 H - 4 scrolls of enchant armour
Potions
 b - 3 potions of brilliance
 c - 3 potions of resistance
 e - 5 potions of curing
 g - 9 potions of heal wounds
 h - a potion of haste
 i - 4 potions of magic
 j - a potion of invisibility
 w - a potion of ambrosia
Comestibles
 f - 11 rations


   Skills:
 + Level 11.3 Fighting
 + Level 18.2 Staves
 - Level 1.7 Throwing
 + Level 10.8 Armour
 + Level 9.5 Dodging
 * Level 24.4 Invocations


You had 12 spell levels left.
You didn't know any spells.

Dungeon Overview and Level Annotations

Branches:
Dungeon (1/1)

Altars:
Cheibriados
Dithmenos
Elyvilon
Fedhas
Gozag
Hepliaklqana
Kikubaaqudgha
Makhleb
Nemelex Xobeh
Okawaru
Qazlal
Ru
Sif Muna
Trog
Uskayaw
Vehumet
Wu Jian
Xom
Yredelemnul
Zin
The Shining One
Beogh
Jiyva
Lugonu

Shops:
D ([}%

Annotations:
D Aizul


Innate Abilities, Weirdness & Mutations

You cannot wear boots.
Your serpentine skin is tough. (AC +4)
You have supernaturally acute eyesight. (SInv)
Armour fits poorly on your strangely shaped body.
Your system is resistant to poisons. (rPois)
You cover ground very slowly.
You have a slow metabolism.
You can spit poison.
You can use your snake-like lower body to constrict enemies.


Message History

You fall asleep.
You lose your grip on Aizul.
You feel sick. Aizul hits you!!
You wake up.
* * * LOW HITPOINT WARNING * * *
You sock Aizul!
Aizul looks slightly unstable.
Your grab misses Aizul.
Aizul is heavily wounded.
Aizul hits you!
* * * LOW HITPOINT WARNING * * *
You barely miss Aizul. Your grab misses Aizul.
Aizul is heavily wounded.
You feel sick. Aizul hits you.
* * * LOW HITPOINT WARNING * * *
Unknown command.
You feel better.
Aizul says, "Feeling sleepy?"
Aizul coils herself and waves her upper body at you.
The poison arrow hits you!
You are poisoned.
You partially resist.
You die...

.))))(.∩(∩.∩)∩.)...'.........▓
▓▓▓▓▓▓▓▓▓▓▓▓▓▓▓▓▓▓▓▓▓▓▓▓▓▓▓▓.▓
.......)..........)..........▓
▓▓▓▓▓▓▓▓▓▓▓▓▓▓▓▓▓▓▓▓▓▓▓▓▓▓▓▓▓▓
...'))÷)÷).........'.........▓
▓▓▓▓▓▓▓▓▓▓▓▓▓▓▓▓▓▓▓▓▓▓▓▓▓▓▓▓.▓
.............................▓
▓▓▓▓▓▓▓▓▓▓▓▓▓▓▓▓▓▓▓▓▓▓▓▓▓▓▓▓▓▓
).....'.†.††....@S......
▓▓▓▓▓▓▓▓▓▓▓▓▓▓▓▓▓▓▓▓▓▓▓▓


You could see Aizul.

Vanquished Creatures
  A fire giant (D)
  A spark wasp (D)
  A merfolk javelineer (D)
  2 dire elephants (D)
  Josephine (D)
  A rakshasa (D)
  A great orb of eyes (D)
  An ice dragon (D)
  A naga warrior (D)
  A merfolk avatar (D)
  2 centaur warriors (D)
  3 hydras (D)
  An anaconda (D)
  Erica (D)
  An alligator (D)
  A two-headed ogre (D)
  A deep troll earth mage (D)
  An orc high priest (D)
  A naga sharpshooter (D)
  A sea snake (D)
  2 spriggan druids (D)
  A naga ritualist (D)
  A swamp dragon (D)
  A harpy (D)
  A deep elf mage (D)
  6 orc knights (D)
  A wolf spider (D)
  2 manticores (D)
  6 elephants (D)
  Maurice (D)
  A black mamba (D)
  A torpor snail (D)
  2 naga magi (D)
  A yaktaur (D)
  A rime drake (D)
  A komodo dragon (D)
  A merfolk (D)
  2 jumping spiders (D)
  3 hornets (D)
  A tyrant leech (D)
  A meliai (shapeshifter) (D)
  A wind drake (D)
  A hippogriff (D)
  A redback (D)
  A water elemental (D)
  4 wraiths (D)
  3 yaks (D)
  A basilisk (D)
  Grum (D)
  Eustachio (D)
  A vampire mosquito (D)
  A naga (D)
  3 water moccasins (D)
  A porcupine (D)
  An ice beast (D)
  20 orc warriors (D)
  A swamp drake (D)
  An ogre (D)
  A sky beast (D)
  4 wolves (D)
  A boggart (D)
  3 crocodiles (D)
  3 centaurs (D)
  4 bullfrogs (D)
  A killer bee (D)
  A howler monkey (D)
  An orc wizard (D)
  3 orc priests (D)
  An adder (D)
  An adder skeleton (D)
  A leopard gecko (D)
  8 orcs (D)
  A ball python (D)
  A bat skeleton (D)
  A giant cockroach (D)
  A bat (D)
  A frilled lizard (D)
  A quokka skeleton (D)
143 creatures vanquished.

Vanquished Creatures (others)
  A naga warrior (D)
  A swamp drake (D)
2 creatures vanquished.

Grand Total: 145 creatures vanquished

Notes
Turn   | Place    | Note
-------+----------+-------------------------------------------
     0 | D        | Hephaistos the Naga Gladiator began the quest for the Orb.
     0 | D        | Reached XP level 1. HP: 19/19 MP: 1/1
   169 | D        | Noticed an ice beast
   169 | D        | Noticed a centaur
   169 | D        | Noticed an ogre
   171 | D        | Reached XP level 2. HP: 26/26 MP: 2/2
   176 | D        | Killed an ice beast
   176 | D        | Reached XP level 3. HP: 32/32 MP: 3/3
   176 | D        | Reached XP level 4. HP: 39/39 MP: 4/4
   178 | D        | Killed a centaur
   178 | D        | Reached XP level 5. HP: 45/45 MP: 5/5
   184 | D        | Killed an ogre
   184 | D        | Reached XP level 6. HP: 39/56 MP: 6/6
   344 | D        | Found a roughly hewn altar of Beogh.
   344 | D        | Found a snail-covered altar of Cheibriados.
   344 | D        | Found a shadowy altar of Dithmenos.
   344 | D        | Found a white marble altar of Elyvilon.
   344 | D        | Found a blossoming altar of Fedhas.
   344 | D        | Found an opulent altar of Gozag.
   345 | D        | Found a hazy altar of Hepliaklqana.
   346 | D        | Found a viscous altar of Jiyva.
   347 | D        | Found an ancient bone altar of Kikubaaqudgha.
   348 | D        | Became a worshipper of Cheibriados the Contemplative
   349 | D        | Found a corrupted altar of Lugonu.
   350 | D        | Found a burning altar of Makhleb.
   351 | D        | Found a sparkling altar of Nemelex Xobeh.
   352 | D        | Found an iron altar of Okawaru.
   353 | D        | Found a stormy altar of Qazlal.
   354 | D        | Found a sacrificial altar of Ru.
   355 | D        | Found a deep blue altar of Sif Muna.
   356 | D        | Found a bloodstained altar of Trog.
   357 | D        | Found a hide-covered altar of Uskayaw.
   358 | D        | Found a radiant altar of Vehumet.
   359 | D        | Found an ornate altar of the Wu Jian Council.
   360 | D        | Found a shimmering altar of Xom.
   361 | D        | Found a basalt altar of Yredelemnul.
   362 | D        | Found a glowing silver altar of Zin.
   363 | D        | Found a glowing golden altar of the Shining One.
   419 | D        | Noticed a sky beast
   419 | D        | Noticed a yak
   420 | D        | Reached skill level 1 in Armour
   420 | D        | Reached skill level 1 in Invocations
   420 | D        | Reached * piety under Cheibriados
   423 | D        | Reached ** piety under Cheibriados
   429 | D        | Killed a sky beast
   429 | D        | Reached skill level 3 in Invocations
   432 | D        | Killed a yak
   432 | D        | Reached *** piety under Cheibriados
   432 | D        | Reached skill level 5 in Dodging
   432 | D        | Reached XP level 7. HP: 64/64 MP: 7/9
   454 | D        | Noticed a hornet
   454 | D        | Noticed a centaur warrior
   454 | D        | Noticed a centaur warrior
   456 | D        | Killed a hornet
   456 | D        | Reached skill level 5 in Invocations
   459 | D        | Killed a centaur warrior
   459 | D        | Reached **** piety under Cheibriados
   459 | D        | Reached skill level 5 in Fighting
   459 | D        | Reached skill level 6 in Invocations
   459 | D        | Reached XP level 8. HP: 48/76 MP: 9/13
   461 | D        | Reached skill level 7 in Invocations
   463 | D        | Killed a centaur warrior
   463 | D        | Reached ***** piety under Cheibriados
   463 | D        | Reached skill level 15 in Staves
   463 | D        | Reached skill level 8 in Invocations
   463 | D        | Reached XP level 9. HP: 43/85 MP: 9/15
   639 | D        | Noticed an eight-headed hydra
   642 | D        | Reached ****** piety under Cheibriados
   646 | D        | Killed an eight-headed hydra
   646 | D        | Reached skill level 9 in Invocations
   646 | D        | Reached XP level 10. HP: 94/94 MP: 5/17
   653 | D        | Reached skill level 5 in Armour
   667 | D        | Noticed a torpor snail
   668 | D        | Reached skill level 10 in Invocations
   670 | D        | Noticed a black mamba
   670 | D        | Killed a black mamba
   672 | D        | Noticed a five-headed hydra
   679 | D        | Killed a torpor snail
   686 | D        | Killed a five-headed hydra
   686 | D        | Reached skill level 11 in Invocations
   965 | D        | Noticed an elephant
   965 | D        | Noticed an elephant
   965 | D        | Noticed a dire elephant
   965 | D        | Noticed an elephant
   965 | D        | Noticed an elephant
   965 | D        | Noticed an elephant
   966 | D        | Noticed a dire elephant
   970 | D        | Killed an elephant
   970 | D        | Killed an elephant
   970 | D        | Reached skill level 12 in Invocations
   970 | D        | Reached XP level 11. HP: 93/104 MP: 8/20
   972 | D        | Killed a dire elephant
   972 | D        | Reached skill level 13 in Invocations
   980 | D        | Killed a dire elephant
   983 | D        | Reached skill level 14 in Invocations
  1363 | D        | Noticed Grum
  1376 | D        | Killed Grum
  1415 | D        | Reached skill level 15 in Invocations
  1416 | D        | Noticed Josephine
  1423 | D        | Noticed Erica
  1427 | D        | Killed Josephine
  1430 | D        | Killed Erica
  1430 | D        | Reached skill level 16 in Invocations
  1752 | D        | Noticed an orc knight
  1757 | D        | Killed an orc knight
  1948 | D        | Noticed an orc knight
  1950 | D        | Reached XP level 12. HP: 104/116 MP: 24/24
  1952 | D        | Reached skill level 17 in Invocations
  1961 | D        | Noticed an orc high priest
  1973 | D        | Killed an orc high priest
  2041 | D        | Found Kamighys's Antique Weapon Emporium.
  2045 | D        | Reached skill level 18 in Invocations
  2047 | D        | Found Xeir's Armour Shoppe.
  2055 | D        | Reached skill level 10 in Fighting
  2065 | D        | Found Mowniuze's Gadget Emporium.
  2069 | D        | Found Gabac's Food Shoppe.
  2128 | D        | Bought a dazzling quarterstaff for 225 gold pieces
  2128 | D        | Identified the +12 quarterstaff of Ypliqovo {freeze, *Rage rC++ Stlth+} (You bought it in a shop in the Dungeon)
  2131 | D        | Bought a +2 shield of protection for 215 gold pieces
  2361 | D        | Noticed Eustachio
  2365 | D        | Killed Eustachio
  2375 | D        | Noticed Maurice
  2383 | D        | Killed Maurice
  2383 | D        | Reached skill level 19 in Invocations
  2520 | D        | Noticed a two-headed ogre
  2523 | D        | Killed a two-headed ogre
  2525 | D        | Noticed a two-headed ogre
  2526 | D        | Noticed a great orb of eyes
  2530 | D        | Noticed a fire giant
  2531 | D        | Noticed a rakshasa
  2532 | D        | Noticed an ice dragon
  2534 | D        | Reached skill level 20 in Invocations
  2535 | D        | Killed a great orb of eyes
  2538 | D        | Noticed a deep troll earth mage
  2543 | D        | Killed a fire giant
  2546 | D        | Killed a deep troll earth mage
  2546 | D        | Gained mutation: You can use your snake-like lower body to constrict enemies. [Naga growth]
  2546 | D        | Reached XP level 13. HP: 65/124 MP: 5/27
  2546 | D        | Killed an ice dragon
  2546 | D        | Reached skill level 21 in Invocations
  2551 | D        | Killed a rakshasa
  2866 | D        | Reached skill level 22 in Invocations
  2867 | D        | Reached skill level 10 in Armour
  3095 | D        | Reached skill level 23 in Invocations
  3109 | D        | Noticed a merfolk javelineer
  3113 | D        | Killed a merfolk javelineer
  3138 | D        | Noticed an emperor scorpion
  3138 | D        | Noticed an emperor scorpion
  3138 | D        | Noticed a spark wasp
  3139 | D        | Reached skill level 24 in Invocations
  3143 | D        | Killed a spark wasp
  3193 | D        | Noticed Aizul
  3203 | D        | HP: 4/127 [Aizul (4)]
  3204 | D        | Killed from afar by Aizul

Vault maps used:
D:        linesprint

Skill      XL: |  1  2  3  4  5  6  7  8  9 10 11 12 13 |
---------------+----------------------------------------+-----
Staves         | 4 9 11 13 14 15 16 17 18 | 18.2
Fighting       | 3 4 5 6 7 8 9 10 11 | 11.3
Dodging        | 3 5 6 7 8 9 |  9.5
Armour         | 1 3 4 6 8 9 10 | 10.8
Invocations    | 3 6 8 9 12 16 20 24 | 24.4
Throwing       | |  1.7

Action                   |  1- 3 |  4- 6 |  7- 9 | 10-12 | 13-15 || total
-------------------------+-------+-------+-------+-------+-------++-------
Melee: Quarterstaff      |    24 |    17 |     6 |   143 |    42 ||   232
       Constrict         |       |       |       |       |     8 ||     8
Invok: Slouch            |       |       |     3 |    30 |    12 ||    45
 Abil: Spit Poison       |     4 |       |     1 |     2 |       ||     7
Evoke: Wand              |       |     3 |     5 |       |       ||     8
  Use: Potion            |     1 |       |       |       |     1 ||     2
  Eat: Chunk             |       |       |       |     6 |     1 ||     7
       Ration            |       |       |       |       |     1 ||     1
Armor: Leather armour    |     6 |     2 |       |       |       ||     8
       Chain mail        |       |     4 |     3 |    36 |    24 ||    67
Dodge: Dodged            |    10 |     4 |     6 |   112 |    42 ||   174

Table legend:
 A = Spawn XP
 B = Non-spawn XP
 C = Spawn XP percentage of total XP
 D = Spawn monster count
 E = Non-spawn monster count
 F = Spawn count percentage of total count
 G = Total turns spent on level
                    A         B        C        D         E        F      G
               +---------+---------+-------+---------+---------+-------+---------
         Total |       0 |   51407 |   0.0 |       0 |     145 |   0.0 |  3204
               +---------+---------+-------+---------+---------+-------+---------
             D |       0 |   51407 |   0.0 |       0 |     145 |   0.0 |  3204
               +---------+---------+-------+---------+---------+-------+---------
